AoeStats
← QHSZ

Arena

508165906Analyzed
4v4 RM · 12d ago on Sep 21, 2026· 67m 27s· 8 players
Game mode
Random Map
Map size
Large (8 player)
Population
200
Speed
Normal
Resources
Standard
Victory
Conquest
Starting age
Dark Age
Ending age
Imperial Age
RankedLock teamsTeams togetherTeam positionsShared explorationLock speedFull tech treeHidden civsTurbo modeCheats
Victory
Defeat
🇺🇸 Spanish · United States
1166
+16
🇹🇷 Burgundians · Türkiye
1153
+16
🇯🇵 Malay · Japan
1113
+18
🇯🇵 Teutons · Japan
1100
+18
🇨🇳 Celts · China
1265
-21
🇦🇷 Franks · Argentina
1247
-22
🇨🇳 Magyars · China
1058
-13
🇹🇼 Turks · Taiwan
1042
-12
uvacha
10:51 Feudal Age
10:58 Loom
15:32 Castle Age
13:34 Double-Bit Axe
14:22 Horse Collar
17:22 Bow Saw
18:09 Wheelbarrow
17:41 Heavy Plow
19:12 Stone Mining
29:02 Imperial Age
26:55 Hand Cart
27:15 Husbandry
27:26 Scale Barding Armor
27:36 Forging
28:44 Gold Mining
29:38 Crop Rotation
30:36 Iron Casting
30:42 Gold Shaft Mining
29:57 Elite Battle Elephant
33:37 Blast Furnace
33:50 Fletching
35:29 Conscription
35:51 Squires
35:37 Arson
36:10 Elite Karambit Warrior
39:21 Pikeman
45:44 Elite Skirmisher
48:12 Bodkin Arrow
48:17 Padded Archer Armor
48:40 Ballistics
48:10 Halberdier
56:17 Man-at-Arms
58:42 Town Watch
FALCON
5:10 Double-Bit Axe
10:50 Feudal Age
15:13 Castle Age
13:28 Horse Collar
16:37 Cavalier
18:25 Bow Saw
21:23 Wheelbarrow
34:35 Imperial Age
33:08 Two-Man Saw
32:17 Heavy Plow
33:45 Scale Barding Armor
33:51 Forging
34:34 Crop Rotation
34:08 Stone Mining
34:09 Gold Mining
35:38 Chain Barding Armor
35:49 Paladin
36:30 Husbandry
37:08 Iron Casting
37:25 Plate Barding Armor
37:47 Devotion
42:30 Padded Archer Armor
46:14 Chemistry
46:20 Blast Furnace
45:40 Leather Archer Armor
45:15 Fletching
46:10 Hand Cart
50:49 Bodkin Arrow
53:27 Light Cavalry
56:04 Hussar
59:35 Conscription
60:48 Conscription
Ragnarok
11:08 Feudal Age
15:58 Castle Age
13:59 Loom
14:20 Double-Bit Axe
14:26 Horse Collar
17:25 Bow Saw
25:45 Padded Archer Armor
29:35 Leather Archer Armor
37:31 Imperial Age
36:08 Wheelbarrow
37:23 Hand Cart
39:36 Ring Archer Armor
40:25 Chemistry
39:24 Town Watch
40:10 Gold Mining
60:26 Fletching
62:46 Two-Man Saw
61:47 Heavy Plow
62:20 Stone Mining
62:52 Stone Mining
64:19 Bodkin Arrow
64:45 Careening
65:24 Elite Skirmisher
66:43 Bracer
纸火
6:12 Loom
8:45 Feudal Age
16:58 Fletching
19:53 Double-Bit Axe
19:59 Horse Collar
28:37 Castle Age
26:49 Stone Mining
29:46 Bow Saw
30:13 Wheelbarrow
29:30 Gold Mining
30:42 Heavy Plow
31:18 Stone Shaft Mining
31:05 Bodkin Arrow
33:56 Town Watch
34:15 Scale Mail Armor
38:33 Hand Cart
38:56 Chain Mail Armor
43:41 Imperial Age
43:05 Forging
44:08 Elite Teutonic Knight
45:14 Conscription
45:26 Plate Mail Armor
45:32 Iron Casting
49:40 Two-Man Saw
48:12 Heavy Scorpion
51:19 Chemistry
50:40 Ballistics
50:37 Siege Engineers
50:59 Squires
50:45 Gambesons
51:28 Scale Barding Armor
52:24 Blast Furnace
51:36 Masonry
51:47 Ballistics
51:03 Cavalier
52:23 Pikeman
53:15 Halberdier
55:05 Paladin
59:03 Ironclad
59:34 Chain Barding Armor
60:28 Arson
64:28 Onager
dashjk
11:35 Feudal Age
10:47 Loom
25:16 Castle Age
24:52 Bloodlines
24:56 Double-Bit Axe
24:58 Horse Collar
27:22 Light Cavalry
30:48 Wheelbarrow
34:02 Pikeman
37:29 Corvinian Army
37:47 Scale Mail Armor
37:52 Scale Barding Armor
40:41 Chain Barding Armor
46:04 Bow Saw
54:31 Heavy Plow
56:43 Elite Skirmisher
60:05 Padded Archer Armor
59:55 Fletching
60:21 Chain Mail Armor
61:39 Leather Archer Armor
61:19 Bodkin Arrow
QHSZ
12:17 Feudal Age
16:32 Castle Age
14:44 Double-Bit Axe
15:24 Loom
20:24 Bow Saw
25:33 Stone Mining
28:49 Gold Mining
29:30 Scale Mail Armor
29:40 Forging
29:25 Town Watch
30:28 Wheelbarrow
33:15 Imperial Age
31:51 Hand Cart
32:02 Chain Mail Armor
31:46 Pikeman
32:26 Squires
32:14 Gambesons
34:25 Iron Casting
33:52 Halberdier
40:34 Arson
41:28 Plate Mail Armor
42:10 Blast Furnace
40:33 Man-at-Arms
42:13 Conscription
41:53 Chivalry
43:21 Chemistry
42:43 Ballistics
44:02 Long Swordsman
45:57 Fortified Wall
45:42 Two-Handed Swordsman
47:18 Champion
50:52 Scale Barding Armor
50:53 Padded Archer Armor
53:59 Leather Archer Armor
54:47 Husbandry
54:07 Cavalier
54:55 Scale Barding Armor
54:12 Light Cavalry
55:42 Coinage
62:30 Elite Skirmisher
64:48 Fletching
MaxC
11:35 Feudal Age
9:51 Loom
12:18 Double-Bit Axe
12:15 Horse Collar
14:37 Scale Barding Armor
20:22 Castle Age
18:38 Stone Mining
20:59 Gold Mining
21:22 Bow Saw
24:44 Gold Shaft Mining
26:42 Bloodlines
28:16 Scale Barding Armor
28:22 Forging
30:20 Wheelbarrow
30:19 Husbandry
31:35 Iron Casting
32:09 Chain Barding Armor
35:31 Hand Cart
37:42 Hand Cart
42:56 Imperial Age
48:28 Conscription
50:24 Town Watch
国产男子汉
11:03 Feudal Age
15:08 Castle Age
13:00 Double-Bit Axe
13:29 Horse Collar
14:44 Gold Mining
18:06 Wheelbarrow
22:19 Loom
23:00 Loom
31:59 Imperial Age
30:45 Hand Cart
31:12 Gold Shaft Mining
31:13 Bow Saw
31:12 Heavy Plow
31:28 Town Watch
32:09 Ballistics
31:48 Guard Tower
34:04 Conscription
34:01 Elite Woad Raider
34:53 Forging
34:43 Scale Mail Armor
35:03 Stone Mining
36:26 Iron Casting
35:35 Capped Ram
37:03 Chain Mail Armor
39:23 Siege Ram
41:20 Plate Mail Armor
45:32 Blast Furnace
44:25 Heavy Scorpion
45:01 Treadmill Crane
46:23 Chemistry
45:16 Fletching
51:11 Stone Shaft Mining
50:51 Masonry
51:27 Town Patrol
52:26 Coinage
53:42 Banking
57:25 Fortified Wall
59:50 Hoardings
59:16 Murder Holes
60:41 Caravan
63:53 Gambesons
63:54 Arson
65:33 Husbandry
64:54 Light Cavalry
66:08 Scale Barding Armor
65:59 Bodkin Arrow
Connection lost

Rejoining the realm…

Still unreachable

The connection could not be restored.

Session expired

The server has moved on; the page needs a fresh start.